Map: Blackpink LE

Players

baiThooK - Winner!

  • Race: Terran Terran
  • League: Diamond
  • Spawn Location: 7:00

Garbage

  • Race: Zerg Zerg
  • League: Diamond
  • Spawn Location: 1:00

VOD

Have the link to the VOD?

Description

Time

  • Played on: Dec. 2, 2017, 6:43 a.m.
  • Length: 14:54
Show
View Real Time Build Order
Export as new Build Order

baiThooK Terran - Winner!

Build Orders: Reaper Expand, MMM Bio 

Get SALT Encoding   

  12  0:01  SCV  
  13  0:13  SCV  
  14  0:18  Supply Depot  
  14  0:25  SCV  
  15  0:41  Barracks  
  15  0:47  Refinery, SCV  
  16  0:59  SCV  
  17  1:11  SCV  
  18  1:26  SCV  
  18  1:31  Reaper  
  20  1:38  Command Center  
  20  1:41  Orbital Command  
  20  2:01  Barracks  
  20  2:11  SCV  
  21  2:16  Barracks Reactor  
  21  2:20  Supply Depot  
  21  2:22  Refinery  
  21  2:23  SCV  
  22  2:30  Factory  
  22  2:35  SCV  
  23  2:47  SCV  
  23  2:49  Barracks Tech Lab  
  23  2:50  SCV  
  25  2:53  Marine x2  
  27  3:01  SCV  
  27  3:03  Orbital Command  
  28  3:09  Marine, Stimpack  
  28  3:11  Marine x2  
  31  3:13  SCV  
  32  3:25  SCV  
  33  3:27  Marine  
  33  3:29  SCV, Marine  
  33  3:33  Starport  
  36  3:37  SCV  
  36  3:39  Factory Reactor  
  37  3:41  SCV  
  38  3:49  SCV  
  38  3:51  Supply Depot  
  38  3:52  Marine  
  38  3:53  Marine, SCV  
  38  3:55  Supply Depot  
  42  3:56  Marine  
  42  4:01  SCV  
  44  4:10  SCV  
  44  4:13  SCV  
  44  4:15  Marine x2  
  48  4:22  SCV  
  49  4:25  Supply Depot, Medivac x2, SCV  
  54  4:32  Marine  
  54  4:33  Marine  
  54  4:34  SCV  
  54  4:35  Marine  
  54  4:37  SCV  
  59  4:50  Marine  
  60  4:53  SCV  
  60  4:54  SCV  
  60  4:58  Command Center  
  62  5:00  Marine x2  
  62  5:04  Supply Depot  
  62  5:05  Factory Tech Lab, SCV  
  65  5:12  Marine  
  65  5:13  SCV  
  67  5:17  Barracks, SCV  
  67  5:18  Barracks  
  67  5:20  Engineering Bay  
  68  5:21  Barracks  
  68  5:23  Engineering Bay  
  68  5:24  Medivac  
  68  5:26  SCV  
  68  5:27  Medivac  
  73  5:28  Combat Shields  
  73  5:51  Marine  
  73  5:52  Marauder  
  73  5:56  Refinery  
  76  5:57  Refinery  
  76  5:58  Supply Depot, SCV  
  76  5:59  Supply Depot  
  76  6:00  Supply Depot  
  77  6:05  Barracks Reactor, Barracks Tech Lab  
  77  6:06  Supply Depot  
  77  6:10  Siege Tank  
  79  6:14  Barracks Tech Lab  
  74  6:22  Marine x2  
  74  6:23  Marauder  
  74  6:24  SCV x2  
  74  6:25  Terran Infantry Weapons Level 1  
  79  6:36  Marauder x2  
  79  6:37  SCV  
  83  6:51  Marauder, Marine x4  
  89  6:55  Terran Infantry Armor Level 1  
  89  6:57  Marauder, Marine  
  92  7:02  Supply Depot  
  92  7:04  Orbital Command  
  92  7:15  SCV  
  92  7:16  SCV  
  92  7:17  Marauder x2, Marine x3  
  92  7:18  Siege Tank, Marauder, Marine  
  107  7:27  Supply Depot x2  
  107  7:28  SCV x2  
  109  7:30  Supply Depot  
  109  7:34  SCV  
  109  7:35  Marine  
  111  7:40  SCV x2  
  111  7:41  Armory  
  112  7:52  SCV  
  112  7:53  SCV  
  112  7:56  Marauder, Marine x2  
  112  7:57  Concussive Shells, Marauder  
  120  7:59  Marauder, Marine x2  
  120  8:00  SCV  
  120  8:04  SCV  
  122  8:14  Marine  
  122  8:18  Marauder  
  122  8:19  Marine x2  
  111  8:20  Marauder  
  111  8:21  Marine  
  111  8:22  Marauder  
  111  8:26  SCV  
  115  8:30  Terran Infantry Weapons Level 2  
  115  8:32  Marine  
  116  8:37  Marine x2  
  116  8:39  Marauder, Marine  
  116  8:40  Marine  
  120  8:42  Marine  
  114  8:50  Marine  
  114  8:53  Siege Tank, Medivac  
  114  8:55  SCV, Marine x2  
  116  8:56  Terran Infantry Armor Level 2, SCV  
  116  8:57  Marine  
  116  8:58  Refinery, Marine, SCV  
  116  8:59  Refinery  
  116  9:00  Marine x2  
  121  9:07  Marine  
  121  9:08  Barracks x2, SCV  
  123  9:11  Supply Depot, SCV  
  123  9:13  Marine  
  123  9:17  Marauder  
  127  9:18  Marauder  
  127  9:21  Command Center  
  129  9:28  SCV x2  
  129  9:29  Marauder, Marine x3  
  129  9:30  Siege Tank, Medivac x2  
  143  9:34  Marine  
  143  9:38  Marauder  
  146  9:40  Marauder, SCV  
  149  9:47  Command Center  
  149  9:48  Factory  
  149  9:52  Marauder, Marine x2  
  153  9:56  Marine x2  
  153  9:57  Barracks Reactor, Barracks Tech Lab  
  153  9:59  Marauder  
  157  10:01  Marauder  
  159  10:13  Marauder, Marine x2  
  151  10:14  Marine x2  
  151  10:19  Marauder  
  151  10:21  Marauder  
  156  10:23  Marauder  
  156  10:24  Supply Depot  
  156  10:27  Supply Depot  
  158  10:30  Marine  
  158  10:31  Marine  
  158  10:32  Marine x2  
  158  10:34  Marine x3  
  158  10:35  Siege Tank, Medivac x2  
  172  10:40  Marine  
  172  10:42  Marauder  
  175  10:44  Marauder  
  175  10:48  Marine x2  
  175  10:49  Marine  
  179  10:50  Marine  
  179  10:51  SCV  
  179  10:52  Marine x2  
  179  10:53  Marauder  
  179  10:58  Factory Tech Lab  
  179  10:59  Marauder  
  179  11:03  Marauder  
  183  11:05  Marauder  
  183  11:06  Marine x2  
  179  11:21  Marine x2  
  179  11:22  Marauder x2, Marine x2  
  179  11:24  Marine  
  179  11:25  Marauder  
  190  11:27  Marauder  
  190  11:29  Marine  
  190  11:30  SCV  
  194  11:34  Siege Tank  
  194  11:39  Marine x2  
  197  11:40  Marine  
  197  11:43  Marauder  
  200  11:54  Planetary Fortress  
  199  12:04  Marauder  
  188  12:14  Terran Infantry Weapons Level 3, Terran Infantry Armor Level 3  
  171  12:17  Marauder, Marine x2  
  171  12:18  SCV  
  175  12:29  Marauder x2, Marine x2  
  181  12:34  Planetary Fortress  
  181  12:39  Command Center  
  181  12:40  Command Center  
  181  12:44  Marauder x2, Marine x4  
  185  12:45  SCV x2  
  185  12:49  Marine  
  185  12:50  Siege Tank x2, Marauder  
  185  12:51  Marauder  
  168  13:19  Marauder, Marine x2  
  170  13:22  Siege Tank x2  
  170  13:23  Marauder, Marine  
  115  13:49  Marine  
  115  13:50  Marine x2  
  115  13:51  Marauder x2, Marine x3  
  115  13:53  Marauder, Marine  
  106  14:07  Marine  
  106  14:08  Marine x3  
  106  14:09  Marine x2  
  108  14:11  Marauder  
  108  14:12  Marauder  
  108  14:13  Marauder  
  108  14:14  Marine  
  108  14:15  SCV  
  112  14:20  SCV  
  113  14:24  Marine  
  113  14:26  Marine x2, SCV x2  
  118  14:33  Marauder x2, SCV  
  118  14:34  SCV  
  124  14:40  SCV  
  124  14:41  SCV  
  124  14:45  Refinery  
Show
View Real Time Build Order
Export as new Build Order

Garbage Zerg 

Build Orders: Hatch First 

Get SALT Encoding   

  12  0:01  Drone  
  13  0:12  Overlord  
  13  0:17  Drone  
  14  0:31  Drone  
  14  0:32  Drone  
  16  0:35  Drone  
  17  0:53  Hatchery  
  17  0:55  Drone  
  17  1:02  Drone  
  18  1:11  Extractor  
  17  1:16  Spawning Pool, Drone  
  17  1:21  Drone  
  18  1:28  Drone  
  19  1:40  Overlord  
  19  1:51  Drone  
  20  2:02  Queen  
  20  2:04  Zergling x2  
  20  2:05  Queen  
  20  2:07  Zergling x2  
  26  2:15  Drone, Metabolic Boost  
  27  2:17  Drone  
  27  2:22  Drone  
  29  2:26  Drone  
  30  2:35  Drone  
  31  2:44  Hatchery  
  31  2:48  Drone x3  
  33  2:54  Overlord  
  33  2:59  Drone  
  33  3:04  Queen  
  36  3:06  Overlord  
  36  3:13  Drone x2  
  36  3:14  Drone x2  
  36  3:17  Drone  
  36  3:19  Overlord  
  41  3:26  Drone x3  
  44  3:34  Drone  
  45  3:40  Drone, Queen  
  48  3:44  Drone x3  
  51  3:49  Drone x3  
  51  3:54  Zergling x2  
  55  3:58  Evolution Chamber  
  55  4:01  Extractor, Zergling x4  
  55  4:08  Zergling x6  
  56  4:15  Drone x3  
  56  4:16  Drone  
  60  4:17  Queen  
  60  4:22  Queen  
  64  4:24  Drone  
  64  4:26  Overlord x3  
  65  4:39  Overlord  
  65  4:43  Lair  
  65  4:44  Extractor  
  65  4:45  Zergling x4  
  65  4:46  Zergling x6  
  69  5:01  Queen  
  69  5:02  Drone  
  69  5:03  Drone x6  
  69  5:04  Drone x2  
  80  5:13  Zergling x4  
  82  5:21  Zergling x2  
  82  5:24  Zergling x4  
  82  5:25  Baneling Nest  
  84  5:29  Extractor  
  84  5:34  Zergling x6  
  86  5:42  Drone, Zergling x4  
  89  5:43  Drone x3  
  89  5:47  Hydralisk Den, Drone x2  
  93  5:50  Evolution Chamber  
  93  5:53  Extractor  
  91  6:10  Hatchery  
  90  6:14  Hatchery  
  90  6:18  Zerg Ground Armor Level 1  
  86  6:23  Muscular Augments, Evolution Chamber  
  86  6:24  Centrifical Hooks  
  86  6:25  Hydralisk x6  
  96  6:34  Pneumatized Carapace  
  97  6:41  Hatchery  
  95  6:50  Zerg Melee Weapons Level 1, Zergling x6  
  98  6:55  Overlord x2  
  98  6:56  Overlord x2  
  98  6:58  Overlord  
  98  7:17  Zergling x18  
  107  7:27  Hydralisk  
  107  7:28  Hydralisk x6  
  107  7:29  Baneling  
  121  7:30  Baneling x7  
  121  7:36  Drone x3  
  121  7:37  Drone x2  
  126  7:39  Drone  
  126  7:52  Baneling x7  
  126  7:53  Hydralisk  
  126  7:56  Overlord x4  
  126  7:57  Drone, Overlord  
  126  7:58  Drone x3  
  132  8:01  Extractor  
  132  8:04  Infestation Pit  
  115  8:19  Zergling x26  
  110  8:25  Drone  
  111  8:28  Drone x2  
  111  8:33  Zerg Ground Armor Level 2  
  111  8:48  Zergling x20  
  108  8:55  Zergling x6  
  111  9:04  Zerg Melee Weapons Level 2  
  111  9:06  Hive  
  111  9:07  Zergling x24  
  111  9:09  Baneling x4  
  123  9:10  Baneling x4  
  123  9:11  Drone  
  123  9:12  Drone x2  
  126  9:31  Queen  
  128  9:33  Extractor  
  128  9:34  Drone x6  
  128  9:35  Overlord x3  
  128  9:36  Hydralisk x9  
  151  10:11  Hydralisk x10  
  168  10:21  Hydralisk  
  168  10:22  Hydralisk x2  
  168  10:23  Zergling x2  
  168  10:24  Zergling x18  
  168  10:26  Extractor  
  183  10:31  Spore Crawler  
  182  10:40  Zergling x22  
  191  10:52  Ultralisk Cavern  
  187  11:10  Ultralisk Cavern  
  172  11:17  Evolution Chamber  
  163  11:23  Spore Crawler  
  162  11:25  Spore Crawler  
  162  11:29  Hydralisk x11  
  182  11:49  Overlord x2  
  182  11:53  Drone x3  
  182  11:54  Drone x6  
  174  12:22  Zergling x20  
  184  12:23  Zergling x14  
  187  12:46  Hydralisk, Hatchery  
  187  12:48  Zergling x6  
  187  12:49  Ultralisk  
  187  12:50  Ultralisk  
  187  12:51  Chitinous Plating  
  191  12:55  Hatchery  
  191  12:58  Hydralisk x3  
  190  13:11  Zergling x2  
  190  13:12  Zergling x24  
  134  13:43  Zergling x4  
  134  13:44  Zergling x12  
  100  13:49  Zergling x4  
  87  13:55  Zergling x2  
  87  13:56  Zergling x4  
  83  14:13  Ultralisk  
  83  14:14  Ultralisk x2  
  111  14:31  Extractor, Overlord x2  
  111  14:32  Extractor  
  111  14:36  Hatchery  
Tags
 
Add a new tag
Caveats
  • Supply blocks, unpowered buildings, or Contaminate may cause inaccurate times.
  • Supply counts are checked every 10 seconds.